 Dungeon Crawl Stone Soup version 0.28-a0-674-gdaf460b524 (webtiles) character file.

Game seed: 2557147259481884035

1247 acebull12 the Magician (level 8, 0/56 HPs)
             Began as a Djinni Fire Elementalist on Oct 17, 2021.
             Was a Priest of Okawaru.
             Slain by a bullfrog (4 damage)
             ... on level 6 of the Dungeon.
             The game lasted 00:24:48 (8248 turns).

acebull12 the Magician (Djinni Fire Elementalist)   Turns: 8248, Time: 00:24:50

Health: 0/56       AC:  3    Str:  7    XL:     8   Next: 79%
Gold:   304        EV: 12    Int: 18    God:    Okawaru [***...] SH:  0 Dex: 15

rFire   + + +      SeeInvis .   u - +0 mace (venom)
rCold   x x .      Faith    .   (no shield)
rNeg    . . .      Spirit   .   a - +0 robe
rPois   ∞          Reflect  .   (no helmet)
rElec   .          Harm     .   y - +0 cloak
rCorr   .          Rampage  .   (no gloves)
Will    +....                   (boots unavailable)
Stlth   ++........              (no amulet)
HPRegen 0.18/turn               n - ring of fire
MPRegen 0.00/turn               l - ring of willpower

@: flying, very slightly contaminated
A: sickness immunity, fire resistance 2, cold vulnerability 1, float, innate
caster, hp casting, extra vitality 1
a: Renounce Religion, Heroism


You were on level 6 of the Dungeon.
You worshipped Okawaru.
Okawaru was most pleased with you.
You visited 1 branch of the dungeon, and saw 6 of its levels.
You also visited: Sewer.

You collected 304 gold pieces.

Inventory:

Hand Weapons
 u - a +0 mace of venom (weapon)
 x - a +2 quarterstaff of chaos
Missiles
 b - 162 stones
Armour
 a - a +0 robe (worn)
 h - a +0 leather armour
 y - a +0 cloak (worn)
Jewellery
 l - a ring of willpower (right hand)
 n - a ring of fire (left hand)
 s - a ring of willpower
Scrolls
 c - 2 scrolls of fog
 d - a scroll of teleportation
 g - a scroll of noise
 p - a scroll of fear
 q - 3 scrolls of enchant armour {unknown}
Potions
 e - 5 potions of heal wounds {unknown}
 f - 3 potions of curing
 i - a potion of berserk rage
 j - a potion of ambrosia
 k - 3 potions of haste
 m - 4 potions of mutation {unknown}
 o - 2 potions of brilliance
 r - 3 potions of might
 t - a potion of invisibility {unknown}
 v - 2 potions of magic {unknown}
 w - a potion of degeneration {unknown}
 z - a potion of cancellation {unknown}


   Skills:
 * Level 3.4 Fighting
 - Level 0.7 Long Blades
 * Level 2.8 Maces & Flails
 * Level 3.2 Armour
 - Level 2.5 Dodging
 - Level 1.6 Stealth
 + Level 6.1 Spellcasting


You couldn't memorise any spells.
You knew the following spells:

 Your Spells              Type           Power      Damage    Failure   Level
a - Foxfire               Conj/Fire      100%       2x1d9     1%          1
b - Scorch                Fire           82%        2d9       1%          2
c - Conjure Flame         Conj/Fire      41%        6-21      2%          3
d - Inner Flame           Hex/Fire       41%        N/A       2%          3
e - Flame Wave            Conj/Fire      41%        3d8       10%         4
f - Shock                 Conj/Air       100%       1d9       1%          1
g - Blink                 Tloc           N/A        N/A       1%          2
h - Spider Form           Tmut/Pois      13%        N/A       2%          3
Your spell library was empty.

Dungeon Overview and Level Annotations

Branches:
Dungeon (6/15)              Sewer (visited)
 Temple: D:4-7

Altars:
Gozag
Hepliaklqana
Kikubaaqudgha
Okawaru

Shops:
D:1 (   D:3 ((

Annotations:
D:5 2 transporters, FilthyApe's ghost, novice MiFi


Innate Abilities, Weirdness & Mutations

You are immune to sickness and miasma.
You are immune to poison.
Your flesh is very heat resistant. (rF++)
You are vulnerable to cold. (rC-)
You float through the air rather than walking.
You learn spells naturally, not from books.
Your magical power is your life essence.
You have superior vitality. (+4 HP)


Message History

The bullfrog closely misses you.
You feel a surge of power!
You conjure some foxfire!
The bullfrog barely misses you.
The foxfire hits the bullfrog.
The bullfrog is almost dead.
The bullfrog misses you.
The bullfrog hits you but does no damage.
You barely miss the bullfrog.
The bullfrog is almost dead.
The bullfrog hits you. The bullfrog closely misses you.
You barely miss the bullfrog.
The bullfrog is almost dead.
The bullfrog hits you!
You barely miss the bullfrog.
The bullfrog is almost dead.
The bullfrog misses you. The bullfrog hits you.
You closely miss the bullfrog.
The bullfrog is almost dead.
The bullfrog hits you but does no damage.
The bullfrog hits you.
* * * LOW HITPOINT WARNING * * *
Casting: Foxfire (safe; 1% risk of failure)
Confirm with . or Enter, or press ? or * to list all spells.
Aiming: Shock (safe; 1% risk of failure)
Press: ? - help, Shift-Dir - straight line, f - bullfrog
Aim: a bullfrog (severely wounded, 67% to hit)
The zap hits the bullfrog.
The bullfrog is almost dead.
* * * LOW HITPOINT WARNING * * *
The bullfrog barely misses you. x2
Casting: Shock (safe; 1% risk of failure)
Confirm with . or Enter, or press ? or * to list all spells.
Casting: Flame Wave (dangerous; 10% risk of failure)
Press: ? - help, Dir - look around, f - activate You feel a surge of power!
You miscast Flame Wave.
You are very lightly contaminated with residual magic.
Sparks fly from your hands.
* * * LOW HITPOINT WARNING * * *
x2 The bullfrog hits you.
You die...

.≈≈≈≈.# ≈≈≈≈≈.# ≈≈≈≈..#
≈≈....# ......# .####.#
......# . #####÷#
######.... #.#
#@).).....
#.##########F####.....#
#............####...$.#
.
###########.###...o...#
.. #..# #.......##..
...## #....)...o ....
#......o# .....#
#...o...# .....
#...<...#


You could see a bullfrog.

Vanquished Creatures
  Sigmund (D:5)
  Eustachio (D:5)
  Menkaure (D:4)
  2 ogres
  Blork the orc (D:5)
  A scorpion (D:6)
  A water moccasin skeleton (D:5)
  2 centaur zombies
  3 hounds (D:5)
  Crazy Yiuf (D:4)
  Terence (D:2)
  A killer bee zombie (D:5)
  6 adders
  A gnoll (D:1)
  8 river rats (Sewer)
  2 ufetubi
  2 dart slugs
  3 orcs
  7 endoplasms
  2 giant cockroaches
  4 goblins
  11 hobgoblins
  8 jackals
  29 kobolds
  6 quokkas
  12 ball pythons
  2 bats (D:2)
  3 frilled lizards
  27 rats
149 creatures vanquished.

Vanquished Creatures (others)
  507 foxfires
507 creatures vanquished.

Grand Total: 656 creatures vanquished

Notes
Turn   | Place    | Note
-------+----------+-------------------------------------------
     0 | D:1      | acebull12 the Djinni Fire Elementalist began the quest for
                  | the Orb.
     0 | D:1      | Reached XP level 1. HP: 15/15 MP: 0/0
    77 | D:1      | Reached XP level 2. HP: 10/21 MP: 0/0
   542 | D:1      | Reached skill level 3 in Spellcasting
   611 | D:1      | Reached XP level 3. HP: 23/25 MP: 0/0
   611 | D:1      | Learned a level 1 spell: Shock
  1182 | D:1      | Reached XP level 4. HP: 24/31 MP: 0/0
  1271 | D:1      | Found Vaazos's Antique Weapon Boutique.
  1290 | D:1      | Found a faded altar of an unknown god.
  1299 | D:1      | Prayed at the altar of an unknown god.
  1299 | D:1      | Became a worshipper of Warmaster Okawaru
  1299 | D:1      | Reached * piety under Okawaru
  2133 | D:2      | Noticed Terence
  2139 | D:2      | Killed Terence
  2140 | D:2      | Reached XP level 5. HP: 32/36 MP: 0/0
  2140 | D:2      | Learned a level 2 spell: Blink
  2175 | D:2      | Reached skill level 1 in Fighting
  2916 | D:3      | Reached skill level 1 in Armour
  3211 | D:3      | Found Esoterod's Antique Weapon Shop.
  3386 | D:3      | Found Yreorud's Antique Weapon Emporium.
  3808 | D:4      | Found a hazy altar of Hepliaklqana.
  3852 | D:4      | Found an opulent altar of Gozag.
  4083 | D:4      | Found a runed translucent door.
  4084 | D:4      | Noticed Crazy Yiuf
  4467 | D:4      | Reached skill level 4 in Spellcasting
  4680 | D:4      | Killed Crazy Yiuf
  4939 | D:5      | Entered Level 5 of the Dungeon
  4966 | D:5      | Noticed Menkaure
  5164 | D:5      | Noticed Sigmund
  5170 | D:5      | Killed Sigmund
  5170 | D:5      | Reached ** piety under Okawaru
  5171 | D:5      | Reached skill level 1 in Maces & Flails
  5171 | D:5      | Reached XP level 6. HP: 25/43 MP: 0/0
  5365 | D:5      | Found a transporter.
  5371 | D:5      | Found a transporter.
  5371 | D:5      | Noticed FilthyApe's ghost (novice MiFi)
  5421 | D:5      | Noticed an ogre
  5422 | D:5      | Noticed Blork the orc
  5540 | D:4      | Killed Menkaure
  5541 | D:4      | Reached XP level 7. HP: 8/49 MP: 0/0
  5541 | D:4      | Learned a level 3 spell: Spider Form
  5868 | D:5      | Reached skill level 5 in Spellcasting
  6529 | D:5      | Killed Blork the orc
  6575 | D:5      | Noticed Eustachio
  6588 | D:5      | Killed Eustachio
  6588 | D:5      | Reached *** piety under Okawaru
  6589 | D:5      | Reached XP level 8. HP: 22/55 MP: 0/0
  7105 | D:6      | Found a glowing drain.
  7131 | Sewer    | Entered a sewer
  7398 | Sewer    | Reached skill level 6 in Spellcasting
  8248 | D:6      | Slain by a bullfrog

Illustrated notes

Levels and vault maps discovered:
D:1:      shiori_arrival_oz, layout_rooms,
          hellmonk_ecumenical_altar_prayer_group, serial_shops, shop,
          nrook_uturn
D:2:      layout_rooms, uniq_terence
D:3:      layout_basic, serial_shops, nicolae_lakefront_shop, shop
D:4:      layout_loops_corners, nicolae_hepliaklqana_hazy_memory,
          nicolae_gozag_seed_capital, kiku_gazebo_pond_becter,
          uniq_crazy_yiuf_cottage
D:5:      layout_basic, gammafunk_ghost_hive, corexii_item_surrounded_by_moat,
          uniq_blork_the_orc, uniq_eustachio, uniq_sigmund, uniq_menkaure
D:6:      layout_rooms, mainiacjoe_overflow_small_starburst,
          portal_sewer_entry_b, serial_shops, nicolae_lakefront_shop,
          minmay_pentangle

Skill      XL: |  1  2  3  4  5  6  7  8 |
---------------+-------------------------+-----
Spellcasting   | 3 4 5 6 |  6.1
Fighting       | 1 2 3 |  3.4
Armour         | 1 2 3 |  3.2
Maces & Flails | 1 2 |  2.8
Long Blades    | |  0.7
Dodging        | |  2.5
Stealth        | |  1.6

Action                   |  1- 3 |  4- 6 |  7- 9 || total
-------------------------+-------+-------+-------++-------
Melee: Mace              |       |     1 |    42 ||    43
 Cast: Foxfire           |    60 |   104 |   133 ||   297
       Shock             |    11 |    39 |    24 ||    74
       Blink             |       |     2 |     1 ||     3
       Flame Wave        |       |       |     4 ||     4
  Use: Scroll            |       |     7 |     8 ||    15
Armor: Robe              |     1 |       |    37 ||    38
Dodge: Dodged            |     3 |    12 |    65 ||    80

Table legend: (Time is in decaauts)
 A = Elapsed time spent in this place.
 B = Non-inter-level travel time spent in this place.
 C = Inter-level travel time spent in this place.
 D = Time resting spent in this place.
 E = Time spent auto-exploring this place.
 F = Levels seen in this place.
 G = Mean time per level.
                   A        B        C        D        E       F      G
               +--------+--------+--------+--------+--------+-----+--------+
         Total |   8269 |   7736 |    533 |   1494 |   5186 |   7 | 1181.3 |
       Dungeon |   7203 |   6670 |    533 |   1442 |   4386 |   6 | 1200.5 |
         Sewer |   1066 |   1066 |      0 |     52 |    800 |   1 | 1066.0 |
               +--------+--------+--------+--------+--------+-----+--------+

Top non-repeatable levels by time:
     D:4: 1776 daAuts
     D:5: 1699 daAuts
     D:1: 1677 daAuts
     D:3: 1086 daAuts
   Sewer: 1066 daAuts
     D:2: 851 daAuts
     D:6: 111 daAuts
